Map: Ulrena

Players

LilDicky - Winner!

  • Race: Terran Terran
  • League: Diamond

Frumpysnoo

  • Race: Zerg Zerg
  • League: Diamond

VOD

http://www.twitch.tv/tumescentpie

Description

Time

  • Played on: Jan. 1, 2016, 5:55 p.m.
  • Length: 4:28
Show
View Real Time Build Order
Export as new Build Order

LilDicky Terran - Winner!

Build Orders:  

Get SALT Encoding   

  12  0:01  SCV  
  13  0:13  SCV  
  14  0:18  Supply Depot  
  14  0:25  SCV  
  15  0:39  SCV  
  15  0:41  Barracks  
  16  0:51  SCV  
  17  1:03  SCV  
  17  1:14  Barracks  
  17  1:15  SCV  
  17  1:16  Barracks  
  18  1:28  SCV  
  18  1:31  Supply Depot  
  19  1:33  Marine  
  20  1:40  Orbital Command  
  20  1:51  Marine  
  21  2:00  Barracks  
  21  2:02  Marine  
  21  2:04  Marine  
  23  2:11  Marine  
  23  2:14  Barracks  
  24  2:20  Marine  
  24  2:22  SCV  
  26  2:23  Marine  
  26  2:29  Marine  
  28  2:34  SCV  
  29  2:38  Marine  
  29  2:41  Marine  
  31  2:58  Supply Depot  
  31  3:12  Marine x5  
  32  3:13  SCV  
  37  3:25  SCV  
  38  3:30  Marine x5  
  42  3:48  Marine x5  
Show
View Real Time Build Order
Export as new Build Order

Frumpysnoo Zerg 

Build Orders: Hatch First 

Get SALT Encoding   

  12  0:01  Drone  
  13  0:08  Drone  
  14  0:17  Overlord  
  14  0:22  Extractor  
  14  0:23  Drone  
  15  0:35  Drone x2  
  17  0:44  Drone  
  18  1:01  Hatchery  
  18  1:03  Drone  
  17  1:14  Extractor  
  17  1:17  Spawning Pool  
  15  1:23  Drone x2  
  17  1:28  Overlord  
  17  1:41  Drone  
  18  2:04  Queen  
  18  2:07  Zergling x2  
  21  2:15  Queen  
  23  2:16  Metabolic Boost  
  23  2:20  Drone  
  23  2:22  Drone x3  
  27  2:25  Drone  
  28  2:31  Drone  
  28  2:34  Drone  
  30  2:43  Drone  
  31  2:46  Drone  
  31  2:56  Hatchery  
  30  3:01  Zergling x2  
  30  3:02  Zergling x2  
  32  3:07  Spine Crawler  
  32  3:11  Zergling x2  
  32  3:12  Zergling x2  
  33  3:14  Zergling x4  
  33  3:19  Overlord  
  36  3:28  Spine Crawler, Zergling x2  
  34  3:40  Zergling x6  
  37  3:43  Spine Crawler  
  37  3:44  Spine Crawler  
  37  3:45  Spine Crawler  
  37  3:46  Spine Crawler  
  32  3:54  Zergling x2  
  32  3:55  Zergling x4  
  35  3:59  Baneling Nest  
  35  4:01  Overlord  
Tags
 
Add a new tag
Caveats
  • Supply blocks, unpowered buildings, or Contaminate may cause inaccurate times.
  • Supply counts are checked every 10 seconds.